 Dungeon Crawl Stone Soup version 0.27.1-1-g398f81649c (webtiles) character file.

Game seed: 6324270236999212906

401 Rickety the Covert (level 6, -2/29 HPs)
             Began as a Spriggan Enchanter on Sept 20, 2021.
             Was an Initiate of Dithmenos.
             Slain by a gnoll sergeant (17 damage)
             ... on level 5 of the Dungeon.
             The game lasted 00:08:50 (5757 turns).

Rickety the Covert (Spriggan Enchanter)             Turns: 5757, Time: 00:08:50

Health: -2/29      AC:  2    Str:  4    XL:     6   Next: 54%
Magic:  22/22      EV: 22    Int: 17    God:    Dithmenos [......]
Gold:   245        SH:  0    Dex: 17    Spells: 1/13 levels left

rFire    . . .     SeeInvis +   a - +1 dagger
rCold    . . .     Faith    .   (shield restricted)
rNeg     . . .     Spirit   .   b - +0 robe
rPois    .         Reflect  .   (helmet restricted)
rElec    .         Harm     .   (no cloak)
rCorr    .         Rampage  .   (gloves unavailable)
Will     +....                  (boots unavailable)
Stlth    ++++......             (no amulet)
HPRegen  0.09/turn              s - ring of magical power
MPRegen  0.18/turn              j - +4 ring of evasion

@: very quick
A: very small, no large weapons, unfitting armour, see invisible, speed 3
a: Renounce Religion


You were on level 5 of the Dungeon.
You worshipped Dithmenos.
Dithmenos was noncommittal.
You visited 2 branches of the dungeon, and saw 6 of its levels.

You collected 245 gold pieces.

Inventory:

Hand Weapons
 a - a +1 dagger (weapon)
Missiles
 r - 3 poisoned darts
Armour
 b - a +0 robe (worn)
Jewellery
 e - a ring of protection from fire
 j - a +4 ring of evasion (right hand)
 o - a ring of positive energy
 q - a ring of fire
 s - a ring of magical power (left hand)
Wands
 t - a wand of flame (15)
Scrolls
 c - a scroll of holy word {unknown}
 f - a scroll of teleportation {unknown}
 h - a scroll of enchant weapon {unknown}
 i - 2 scrolls of identify {unknown}
 k - a scroll of acquirement {unknown}
 l - 2 scrolls of amnesia {unknown}
 m - a scroll of fear {unknown}
Potions
 d - 3 potions of magic {unknown}
 g - a potion of ambrosia {unknown}
 n - a potion of curing {unknown}
 p - 2 potions of attraction {unknown}


   Skills:
 + Level 0.5 Fighting
 + Level 2.2 Short Blades
 * Level 1.0 Throwing
 + Level 3.3 Dodging
 * Level 8.5 Stealth
 + Level 4.2 Spellcasting
 + Level 4.6 Hexes
 - Level 0.7 Ice Magic


You had one spell level left.
You knew the following spells:

 Your Spells              Type           Power      Damage    Failure   Level
a - Corona                Hex            21%        N/A       2%          1
b - Ensorcelled Hibernat  Hex/Ice        24%        N/A       8%          2
c - Confusing Touch       Hex            19%        N/A       7%          3
d - Dazzling Flash        Conj/Hex       22%        N/A       19%         3
t - Tukima's Dance        Hex            19%        N/A       7%          3

Your spell library contained the following spells:

 Spells                   Type           Power      Damage    Failure   Level
 Foxfire                  Conj/Fire      12%        2x1d4     16%         1
 Inner Flame              Hex/Fire       11%        N/A       19%         3
 Conjure Flame            Conj/Fire      3%         6-21      43%         3


Dungeon Overview and Level Annotations

Branches:
Dungeon (5/15)             Temple (1/1) D:4

Altars:
Ashenzari
Cheibriados
Dithmenos
Elyvilon
Gozag
Kikubaaqudgha
Makhleb
Nemelex Xobeh
Okawaru
Qazlal
Sif Muna
Trog
Uskayaw
Vehumet
Wu Jian
Yredelemnul
Zin
The Shining One

Annotations:
D:4 3 runed translucent doors, Golfball's ghost, amateur TrFi; Icepheonix32's ghost, amateur KoDe


Innate Abilities, Weirdness & Mutations

You are very small and have problems with some larger weapons.
You are too small for most types of armour.
You have supernaturally acute eyesight. (SInv)
You cover ground extremely quickly. (Speed+++)


Message History

Press: ? - help, Shift-Dir - straight line, f - adder
Aim: an adder (moderately wounded, chance to affect: 51%)
The adder resists with some effort.
You hear a shout!
A gnoll comes into view. It is wielding a +3 spear.
A gnoll comes into view. It is wielding a +0 spear. x2
The adder bites you.
You are poisoned.
The adder poisons you!
You feel sick.
You feel sick.
You feel sick.
Things that are here:
a +0 shortbow; 23 arrows You feel sick.
You feel sick.
There is a stone staircase leading up here.
You feel sick.
You climb upwards.
Level annotation: 3 runed translucent doors, Golfball's ghost, amateur TrFi; Icepheonix32's ghost, amateur KoDe You feel sick.
You are no longer poisoned.
There is a stone staircase leading down here.
Magic restored.
There is a stone staircase leading down here.
You climb downwards.
You hear the sound of rushing water.
There is an entrance to a sewer on this level.
Hurry and find it before the portal rusts away!
You hear the hiss of flowing sand.
There is an entrance to an ossuary on this level.
Hurry and find it before the portal is buried!
You hear the brisk rusting of a drain nearby.
You hear the brisk hiss of a very distant avalanche of sand.
The gnoll sergeant completely misses you. x2
A gnoll comes into view. It is wielding a +0 spear.
An orc priest comes into view. It is wielding a +0 dagger.
Found a stone staircase leading down.
There is a stone staircase leading up here.
The gnoll sergeant hits you from afar with a +4 trident of venom!
Ouch! That really hurt!
You die...

#. g..g
##.......
#... g
##... ..
#.... o..
...###gg
#.g#..
#...#
#@>#
###......
.....
.... #..
. . .
.##. ....
...##..


You could see a gnoll sergeant, an orc priest (wandering) and 3 gnolls.

Vanquished Creatures
  A centaur (D:5)
  A howler monkey (D:4)
  2 hounds
  An iguana (D:4)
  An orc wizard (D:3)
  A hound skeleton (D:4)
  7 adders
  A howler monkey skeleton (D:4)
  An adder skeleton (D:4)
  3 worms
  6 dart slugs
  4 orcs
  5 bats
  4 endoplasms
  7 goblins
  6 hobgoblins
  3 jackals (D:2)
  2 quokkas
  3 ball pythons
  5 frilled lizards
  7 kobolds
  4 rats (D:1)
75 creatures vanquished.

Vanquished Creatures (others)
  5 fungi (D:3)
  2 plants (D:3)
7 creatures vanquished.

Grand Total: 82 creatures vanquished

Notes
Turn   | Place    | Note
-------+----------+-------------------------------------------
     0 | D:1      | Rickety the Spriggan Enchanter began the quest for the Orb.
     0 | D:1      | Reached XP level 1. HP: 9/9 MP: 5/5
   292 | D:1      | Reached skill level 5 in Stealth
   314 | D:1      | Reached XP level 2. HP: 11/13 MP: 3/6
   317 | D:1      | Learned a level 2 spell: Ensorcelled Hibernation
  1239 | D:2      | Reached XP level 3. HP: 4/16 MP: 1/8
  1243 | D:2      | Learned a level 3 spell: Confusing Touch
  1602 | D:2      | Reached skill level 6 in Stealth
  1827 | D:2      | Reached XP level 4. HP: 8/21 MP: 1/9
  1840 | D:2      | Learned a level 3 spell: Tukima's Dance
  2479 | D:3      | Reached skill level 7 in Stealth
  2745 | D:3      | Found an opulent altar of Gozag.
  2815 | D:3      | Found a burning altar of Makhleb.
  3340 | D:3      | Reached XP level 5. HP: 24/24 MP: 3/10
  3547 | D:3      | Found a snail-covered altar of Cheibriados.
  4077 | D:3      | Found a faded altar of an unknown god.
  4212 | D:4      | Reached skill level 8 in Stealth
  4628 | D:4      | Reached XP level 6. HP: 29/29 MP: 6/13
  4638 | D:4      | Learned a level 3 spell: Dazzling Flash
  4758 | D:4      | Found a staircase to the Ecumenical Temple.
  4767 | Temple   | Entered the Ecumenical Temple
  4778 | Temple   | Became a worshipper of Dithmenos the Shadowed
  4918 | D:4      | Found a runed translucent gate.
  4918 | D:4      | Found a runed translucent gate.
  4918 | D:4      | Found a runed translucent gate.
  4923 | D:4      | Noticed Golfball's ghost (amateur TrFi)
  4923 | D:4      | Noticed Icepheonix32's ghost (amateur KoDe)
  5151 | D:4      | Found a sparkling altar of Nemelex Xobeh.
  5152 | D:4      | Found a shimmering blue altar of Sif Muna.
  5252 | D:5      | Entered Level 5 of the Dungeon
  5590 | D:5      | Reached skill level 1 in Throwing
  5757 | D:5      | Slain by a gnoll sergeant

Illustrated notes

Levels and vault maps discovered:
D:1:      ncdulo_lavacross, layout_rooms
D:2:      layout_loops_cross, st_stairs_4
D:3:      layout_basic, general_overflow_altar, mainiacjoe_overflow_alcove_1,
          lemuel_crystal_altar, serial_glass, glass_columns_b, glass_columns_a,
          glass_columns_c, glass_columns_a, shapermc_ecumenical_altar_acropolis
D:4:      layout_basic, gammafunk_temple_overflow_statue, temple_fountains,
          gammafunk_ghost_cemetery
D:5:      layout_cave_pools, nicolae_ossuary_entry_plus, gup_sewer_entry_bowl
Temple:   cyrus_circular_temple

Skill      XL: |  1  2  3  4  5  6 |
---------------+-------------------+-----
Stealth        | 5 6 7 8 |  8.5
Spellcasting   | 3 4 |  4.2
Hexes          | 4 |  4.6
Short Blades   | 2 |  2.2
Dodging        | 3 |  3.3
Throwing       | 1 |  1.0
Fighting       | |  0.5
Ice Magic      | |  0.7

Action                   |  1- 3 |  4- 6 || total
-------------------------+-------+-------++-------
Melee: Dagger            |   101 |   151 ||   252
 Cast: Corona            |     3 |       ||     3
       Ensorcelled Hiber |    22 |    34 ||    56
       Confusing Touch   |       |     6 ||     6
       Dazzling Flash    |       |     1 ||     1
 Stab: Sleeping          |    18 |    21 ||    39
       Distracted        |     1 |       ||     1
       Confused          |       |     3 ||     3
Armor: Robe              |    11 |     9 ||    20
Dodge: Dodged            |    61 |   175 ||   236
